 Dungeon Crawl Stone Soup version 0.31-a0-1522-g43313d8a59 (webtiles) character file.

Game seed: 3187534268726688279

51 AstroCodex24 the Covered (level 3, 0/31 HPs)
             Began as a Demigod Fighter on Dec 30, 2023.
             Slain by a black bear (1 damage)
             ... on level 4 of the Dungeon.
             The game lasted 00:03:16 (762 turns).

AstroCodex24 the Covered (Demigod Fighter)           Turns: 762, Time: 00:03:17

Health: 0/31       AC: 11    Str: 21    XL:     3   Next: 38%
Magic:  5/5        EV:  9    Int: 10    God:
Gold:   31         SH:  4    Dex: 13    Spells: 2/2 levels left

rFire   . . .        a - +0 war axe
rCold   . . .        c - +0 buckler
rNeg    + . .        e - +0 pearl dragon scales
rPois   .            (no helmet)
rElec   .            (no cloak)
rCorr   .            (no gloves)
SInv    .            (no boots)
Will    .....        (no amulet) Stlth
                     (no ring)
HPRegen 0.25/turn    (no ring)
MPRegen 0.09/turn

%: no passive effects
@: lethally poisoned (0 -> -3)
A: high MP 1, forlorn, divine attributes
a: no special abilities


You were on level 4 of the Dungeon.
You visited 1 branch of the dungeon, and saw 5 of its levels.

You collected 31 gold pieces.

Inventory:

Hand Weapons
 a - a +0 war axe (weapon)
Armour
 b - a +0 scale mail
 c - a +0 buckler (worn)
 e - +0 pearl dragon scales (worn)
Potions
 d - a potion of might
 f - 2 potions of enlightenment {unknown}
 g - a potion of heal wounds {unknown}


   Skills:
 + Level 3.1 Fighting
 + Level 2.1 Axes
 + Level 3.2 Armour
 + Level 0.2 Dodging
 + Level 3.1 Shields


You had 2 spell levels left.
You didn't know any spells.
Your spell library contained the following spells:

 Spells                   Type           Power      Damage    Failure   Level
 Kiss of Death            Conj/Necr      0%         2d5       83%         1
 Confusing Touch          Hex            0%         N/A       99%         3
 Dispel Undead            Necr           0%         3d6       100%        4


Dungeon Overview and Level Annotations

Branches:
Dungeon (5/15)
 Temple: D:4-7

Shops:
D:5 !*


Innate Abilities, Weirdness & Mutations

You have an increased reservoir of magic. (+10% MP)
You shall have no god before yourself.
Your divine heritage dramatically boosts your attributes as you level up.


Message History

The black bear is heavily wounded.
You hit the scorpion. The scorpion stings you.
The black bear bites you but does no damage.
The black bear claws you but does no damage.
The black bear barely misses you.
The scorpion stings you but does no damage.
You barely miss the black bear.
The black bear is heavily wounded.
You closely miss the scorpion. The black bear completely misses you.
The black bear closely misses you. x2; The scorpion closely misses you.
The black bear bites you.
The black bear claws you but does no damage.
The black bear barely misses you.
You hit the black bear but do no damage.
The black bear is heavily wounded.
You slash the scorpion! You block the scorpion's attack.
The scorpion stings you.
You are poisoned.
The scorpion poisons you! You block the black bear's attack.
The black bear barely misses you. x2
You slash the black bear!
The black bear is severely wounded.
You hit the scorpion.
You feel very sick.
The scorpion stings you but does no damage.
The black bear goes berserk!
The scorpion misses you. The black bear bites you!
* * * LOW HITPOINT WARNING * * *
The black bear claws you but does no damage.
You block the black bear's attack.
You hit the black bear.
The black bear is almost dead.
You hit the scorpion.
You kill the scorpion!
* * * LOW HITPOINT WARNING * * *
You feel sick. The black bear bites you.
* * * LOW HITPOINT WARNING * * *
The black bear claws you but does no damage.
The black bear barely misses you. The black bear closely misses you.
You block the black bear's attack. The black bear claws you.
You die...

##...## ### ##'##
..# #.# #####
#.######.## #...#
#.........#
#!#.####
#..#......##
#.......
...........###...#
#..#....).......h#
...##.##..####.#@#
##.#####..# #...#
#........# #####
#######.## #.# #
#.# # #.# # #.# #
#.#


You could see a black bear (berserk).

Vanquished Creatures
  A scorpion (D:4)
  A hound (D:4)
  An adder (D:2)
  A dart slug (D:3)
  An orc (D:3)
  3 hobgoblins
  A bat (D:3)
  3 kobolds
12 creatures vanquished.

Notes
Turn   | Place    | Note
-------+----------+-------------------------------------------
     0 | D:1      | AstroCodex24 the Demigod Fighter began the quest for the
                  | Orb.
     0 | D:1      | Reached XP level 1. HP: 18/18 MP: 3/3
   180 | D:2      | Reached XP level 2. HP: 15/25 MP: 4/4
   394 | D:4      | Reached XP level 3. HP: 28/31 MP: 5/5
   749 | D:5      | Entered Level 5 of the Dungeon
   749 | D:5      | Noticed a black bear
   749 | D:5      | Noticed a scorpion
   749 | D:5      | Found Degoc's Assorted Antiques.
   749 | D:5      | Found Huczuwn's Distillery.
   762 | D:4      | Killed a scorpion
   762 | D:4      | HP: 1/31 [black bear (2)]
   762 | D:4      | Slain by a black bear

Illustrated notes

Levels and vault maps discovered:
D:1:      dpeg_arrival_water_altar, layout_basic
D:2:      layout_basic, ebering_ecumenical_altar_box
D:3:      layout_loops_ring, bloody_makhleb, minmay_snake_closets
D:4:      layout_loops_corners, minmay_temple_entry_poolview
D:5:      layout_loops_cross, fiery_altar_vehumet, serial_shops, shop, shop,
          nicolae_shop_getting_attention, shop, shop,
          cheibrodos_sewer_entry_sluice, item_on_display_b, uniq_ijyb

Skill      XL: |  1  2 |
---------------+-------+-----
Armour         | 3 |  3.2
Fighting       | 3 |  3.1
Axes           | 2 |  2.1
Shields        | 3 |  3.1
Dodging        | |  0.2

Action                     || total
---------------------------++-------
  Melee: War axe           ||    50
 Armour: Pearl dragon scal ||    70
  Dodge: Dodged            ||    43
  Block: Buckler           ||    24

Table legend: (Time is in decaauts)
 A = Elapsed time spent in this place.
 B = Non-inter-level travel time spent in this place.
 C = Inter-level travel time spent in this place.
 D = Time resting spent in this place.
 E = Time spent auto-exploring this place.
 F = Levels seen in this place.
 G = Mean time per level.
                   A        B        C        D        E       F      G
               +--------+--------+--------+--------+--------+-----+--------+
         Total |    783 |    783 |      0 |      0 |      0 |   5 |  156.6 |
       Dungeon |    783 |    783 |      0 |      0 |      0 |   5 |  156.6 |
               +--------+--------+--------+--------+--------+-----+--------+

Top non-repeatable levels by time:
     D:4: 500 daAuts
     D:2: 185 daAuts
     D:3: 65 daAuts
     D:1: 28 daAuts
     D:5: 4 daAuts
